 Dungeon Crawl Stone Soup version 0.16.2-3-ga078185 (webtiles) character file.

466 gorblad the Skirmisher (level 6, -1/49 HPs)
             Began as a Mummy Chaos Knight on Sept 8, 2015.
             Slain by a mummy (6 damage)
             ... in an ossuary.
             The game lasted 00:09:40 (3058 turns).

gorblad the Skirmisher (Mummy Chaos Knight)         Turns: 3058, Time: 00:09:40

Health: -1/49      AC: 13    Str: 16    XL:     6   Next: 81%
Magic:  6/6        EV:  5    Int: 11    God:    Xom [..*...]
Gold:   113        SH:  0    Dex: 12    Spells: 0 memorised, 5 levels left

rFire  x . .     SeeInvis .     a - +1 falchion (chaos)
rCold  + . .     Clarity  .     i - +1 plate armour
rNeg   + + +     SustAb   .     (no shield)
rPois  ∞         Gourm    .     (no helmet)
rElec  .         Spirit   .     g - +0 cloak
rCorr  .         Warding  .     (no gloves)
rMut   .         Stasis   .     (no boots)
MR     .....                    (no amulet)
Stlth  ..........               (no ring)
                                (no ring)

@: marked, not resistant to hostile enchantments, extremely unstealthy
A: no food or potions, fire vulnerability, restore body, cold resistance 1,
negative energy resistance 3, poison resistance, torment resistance, unbreathing
a: Renounce Religion


You were in an ossuary.
You worshipped Xom.
You were a toy of Xom.
You were not hungry.

You visited 1 branch of the dungeon, and saw 4 of its levels.
You also visited: Sewer and Ossuary.

You collected 113 gold pieces.

Inventory:

Hand weapons
 a - a +1 falchion of chaos (weapon)
Armour
 b - a +2 leather armour
 g - a +0 cloak (worn)
 i - a +1 plate armour (worn)
Jewellery
 k - an uncursed amulet of rage {unknown}
Magical devices
 f - a wand of flame (19)
 n - a wand of fire (9)
Scrolls
 c - a scroll of blinking
 d - 2 scrolls of identify
 e - a scroll of teleportation
 j - a scroll of remove curse
Books
 h - a book of Debilitation

   Spells                             Type                      Level
   a - Corona                         Hexes                        1
   b - Slow                           Hexes                        2
   c - Inner Flame                    Hexes/Fire                   3
   d - Enslavement                    Hexes                        4
   e - Cause Fear                     Hexes                        4
   f - Leda's Liquefaction            Hexes/Earth                  4


   Skills:
 + Level 4.6 Fighting
 + Level 3.8 Long Blades
 + Level 3.0 Armour
 + Level 2.9 Dodging
 + Level 1.1 Stealth


You had 5 spell levels left.
You didn't know any spells.

Dungeon Overview and Level Annotations

Branches:
Dungeon (4/15)
 Temple: D:4-7

Altars:
Ashenzari
Makhleb
Nemelex Xobeh
Xom

Portals:
Sewer: D:3


Innate Abilities, Weirdness & Mutations

You do not eat or drink.
Your flesh is vulnerable to fire.
Your flesh is cold resistant.
You are immune to negative energy.
Your system is resistant to poisons.
You are immune to unholy pain and torment.
You can survive without breathing.


Message History

You slash the kobold zombie!
You destroy the kobold zombie!
The elf zombie hits you.
* * * LOW HITPOINT WARNING * * *
The rat zombie completely misses you.
You slash the orc zombie! Something hits you but does no damage.
The elf zombie hits you.
* * * LOW HITPOINT WARNING * * *
The orc zombie hits you but does no damage.
You slash the orc zombie!
You destroy the orc zombie!
The rat zombie bites you but does no damage.
Something hits you but does no damage. The elf zombie barely misses you.
The hobgoblin zombie hits you but does no damage.
Something hits you.
* * * LOW HITPOINT WARNING * * *
The elf zombie barely misses you.
The elf zombie hits you but does no damage.
The mummy hits you.
You die...

#...# #ZZ# #..
#...#.ZZ.Z.ZZ....#.Z
#...#.####MZ.....#Z.
#..Z# #Z......#..
#.Z.# #..Z....#Z.
#...# #.∩.....#Z.
#.ZZ# ....'## #..
#...# #...#. #..
#..@# #.. #..
#..M##############..
#.........Z....Z....
#.........∩∩........
####################


You could see a mummy, 2 rat zombies, a hobgoblin zombie and an elf zombie.

Vanquished Creatures
  Purgy (Sewer)
  2 centaur zombies (Ossuary)
  2 orc wizards (D:4)
  Jessica (D:2)
  A big kobold zombie (Ossuary)
  Terence (D:2)
  A hound skeleton (D:4)
  6 adders
  A worm (D:3)
  2 giant geckos
  An ooze (D:4)
  9 orcs
  6 ball pythons
  6 bats
  5 giant cockroaches
  9 hobgoblins
  10 jackals
  7 kobolds
  7 giant newts
  14 goblins
  6 hobgoblin zombies (Ossuary)
  5 kobold zombies (Ossuary)
  11 orc zombies (Ossuary)
  8 rats
  A rat zombie (Ossuary)
123 creatures vanquished.

Vanquished Creatures (others)
  Eustachio (D:4)
  A crimson imp (D:4)
  A human zombie (Ossuary)
  A mummy (Ossuary)
  An ufetubus (D:4)
  A rat zombie (Ossuary)
6 creatures vanquished.

Grand Total: 129 creatures vanquished

Notes
Turn   | Place    | Note
--------------------------------------------------------------
     0 | D:1      | gorblad, the Mummy Chaos Knight, began the quest for the Orb.
     0 | D:1      | Reached XP level 1. HP: 18/18 MP: 1/1
   163 | D:1      | Reached skill level 1 in Dodging
   163 | D:1      | Reached XP level 2. HP: 14/24 MP: 2/2
   321 | D:1      | XOM: harmless Chrm miscast
   367 | D:1      | XOM: 2-stop teleportation journey
   499 | D:1      | XOM: god gift: iron wand {god gift}
   561 | D:1      | XOM: divination: detect items
   834 | D:2      | Reached XP level 3. HP: 29/29 MP: 3/3
   861 | D:2      | Found a sparkling altar of Nemelex Xobeh.
   889 | D:2      | XOM: silly message
   947 | D:2      | Noticed Terence
   963 | D:2      | Killed Terence
  1334 | D:2      | Noticed Jessica
  1341 | D:2      | XOM: chaos cloud
  1346 | D:2      | Killed Jessica
  1346 | D:2      | Reached XP level 4. HP: 33/36 MP: 4/4
  1386 | D:2      | Found a shattered altar of Ashenzari.
  1393 | D:2      | Found a burning altar of Makhleb.
  1558 | D:2      | Found a shimmering altar of Xom.
  1673 | D:2      | XOM: harmless Conj miscast
  1714 | D:3      | Found a glowing drain.
  1740 | D:3      | XOM: repel stairs
  1873 | Sewer    | Entered a sewer
  1892 | Sewer    | Noticed Purgy
  1896 | Sewer    | XOM: snakes to sticks
  1900 | Sewer    | XOM: enchant monster (good)
  1908 | Sewer    | Killed Purgy
  1908 | Sewer    | Reached skill level 4 in Fighting
  1908 | Sewer    | Reached skill level 1 in Stealth
  1908 | Sewer    | Reached XP level 5. HP: 26/42 MP: 5/5
  2125 | D:3      | XOM: scenery: create altars
  2175 | D:3      | XOM: polymorph bat -> giant newt
  2463 | D:3      | Reached XP level 6. HP: 48/48 MP: 6/6
  2593 | D:4      | Noticed Eustachio
  2638 | D:4      | Killed Eustachio
  2638 | D:4      | XOM: divine lightning (protected)
  2657 | D:4      | XOM: divination: detect items
  2750 | D:4      | Found a sand-covered staircase.
  2755 | Ossuary  | Entered an ossuary
  2986 | Ossuary  | XOM: divine lightning (protected)
  3045 | Ossuary  | XOM: harmless Summ miscast
  3048 | Ossuary  | XOM: silly message
  3058 | Ossuary  | Slain by a mummy

Action                   |  1- 3 |  4- 6 || total
-------------------------+-------+-------++-------
Melee: Falchion          |   105 |   342 ||   447
Evoke: Wand              |     1 |       ||     1
  Use: Scroll            |       |     9 ||     9
 Stab: Paralysed         |       |     3 ||     3
       Confused          |       |     1 ||     1
